 Dungeon Crawl Stone Soup version 0.23-a0-808-gd21de94 (webtiles) character file.

191 tilp the Cudgeler (level 5, -5/36 HPs)
             Began as a Draconian Skald on Jan 20, 2019.
             Was an Initiate of Hepliaklqana.
             Slain by an ogre
             ... wielding a +0 giant club
              (19 damage)
             ... on level 4 of the Dungeon.
             The game lasted 00:09:46 (3276 turns).

tilp the Cudgeler (Draconian Skald)                 Turns: 3276, Time: 00:09:47

Health: -5/36      AC:  6    Str: 14    XL:     5   Next: 41%
Magic:  4/8        EV: 12    Int: 14    God:    Hepliaklqana [......]
Gold:   146        SH:  0    Dex: 10    Spells: 3/8 levels left

rFire    . . .     SeeInvis .   a - +1 mace
rCold    . . .     Gourm    .   (no shield)
rNeg     . . .     Faith    .   (armour unavailable)
rPois    .         Spirit   .   (helmet restricted)
rElec    .         Reflect  .   u - +0 cloak
rCorr    .         Harm     .   (no gloves)
MR       .....                  (no boots)
Stlth    +.........             t - amulet of rage
HPRegen  0.12/turn              (no ring)
MPRegen  0.11/turn              (no ring)

@: infused, very slightly contaminated
A: unfitting armour, reduced essence, cold-blooded, AC +5
a: Recall Ancestor, Ancestor Identity, Renounce Religion, Evoke Berserk Rage


You were on level 4 of the Dungeon.
You worshipped Hepliaklqana.
Hepliaklqana was noncommittal.
You were not hungry.

You visited 1 branch of the dungeon, and saw 4 of its levels.

You collected 146 gold pieces.

Inventory:

Hand Weapons
 a - a +1 mace (weapon)
Missiles
 b - 15 sling bullets
 f - 59 stones (quivered)
Armour
 u - a +0 cloak (worn)
Jewellery
 k - an uncursed ring of fire
 l - an uncursed ring of ice
 t - an amulet of rage (around neck)
Scrolls
 e - a scroll of identify
 g - a scroll of amnesia {unknown}
 n - 3 scrolls of fog
 p - a scroll of random uselessness {unknown}
 q - a scroll of enchant weapon
 s - a scroll of remove curse
Potions
 d - a potion of lignification
 h - a potion of curing
 i - 2 potions of might
 j - 2 potions of cancellation
 o - a potion of ambrosia
Comestibles
 c - 8 rations
 r - 2 chunks of flesh


   Skills:
 - Level 2.1 Fighting
 + Level 5.7 Maces & Flails
 - Level 2.1 Dodging
 - Level 2.0 Spellcasting
 - Level 2.6 Charms


You had 3 spell levels left.
You knew the following spells:

 Your Spells              Type           Power        Failure   Level  Hunger
a - Infusion              Chrm           #...         8%          1    ##.....
b - Song of Slaying       Chrm           #.......     12%         2    ###....
c - Shroud of Golubria    Chrm/Tloc      #.........   21%         2    ###....

Your spell library contained the following spells:

 Spells                   Type           Power        Failure   Level  Hunger
 Regeneration             Chrm/Necr      #.........   38%         3    ####...
 Spectral Weapon          Hex/Chrm       #.......     38%         3    ####...


Dungeon Overview and Level Annotations

Branches:
Dungeon (4/15)
 Temple: D:4-7

Altars:
Hepliaklqana
Trog
Zin


Innate Abilities, Weirdness & Mutations

Your plain brown scales are hard. (AC +5)
You cannot fit into any form of body armour.
You are cold-blooded and may be slowed by cold attacks.
Your life essence is reduced to manifest your ancestor. (-10% HP)


Message History

Confirm with . or Enter, or press ? or * to list all spells.
You miscast Shroud of Golubria.
You are very lightly contaminated with residual magic.
Nothing appears to happen.
A quokka comes into view.
The ogre hits you with a +0 giant club!
You are too injured to fight recklessly!
You are too injured to fight recklessly!
You thump the ogre!
The ogre is moderately wounded.
Ealamassi hits the ogre.
You closely miss the ogre.
Your tail-slap misses the ogre.
The ogre is heavily wounded.
The ogre hits you with a +0 giant club!
Ealamassi hits the ogre.
You barely miss the ogre.
You tail-slap the ogre, but do no damage.
The ogre is heavily wounded.
The ogre hits you with a +0 giant club!!
Ouch! That really hurt!
You die...

### #.. ..#
#.# #.#
##R## #.@O#
##.#.....#
#.......##
#.......#
..........
##.#........
.. ........
#. ........


You could see the friendly Ealamassi the ancestor and an ogre.

Vanquished Creatures
  A jelly (D:3)
  Robin (D:2)
  6 adders
  An ooze (D:3)
  2 dart slugs
  3 leopard geckos
  An orc (D:3)
  12 bats
  A giant cockroach (D:1)
  6 hobgoblins
  10 jackals
  A kobold (D:1)
  A quokka (D:3)
  5 frilled lizards
  14 goblins
  7 rats
72 creatures vanquished.

Vanquished Creatures (collateral kills)
  An adder (D:3)
1 creature vanquished.

Grand Total: 73 creatures vanquished

Notes
Turn   | Place    | Note
-------+----------+-------------------------------------------
     0 | D:1      | tilp the Draconian Skald began the quest for the Orb.
     0 | D:1      | Reached XP level 1. HP: 17/17 MP: 3/3
   110 | D:1      | Reached XP level 2. HP: 19/24 MP: 1/5
   142 | D:1      | Reached skill level 3 in Maces & Flails
   362 | D:1      | Reached XP level 3. HP: 14/29 MP: 1/6
   677 | D:1      | Learned a level 2 spell: Song of Slaying
   680 | D:1      | Learned a level 2 spell: Shroud of Golubria
  1102 | D:2      | Reached skill level 4 in Maces & Flails
  1150 | D:2      | Found a glowing silver altar of Zin.
  1206 | D:2      | Found a bloodstained altar of Trog.
  1566 | D:2      | Reached XP level 4. HP: 32/36 MP: 4/7
  1576 | D:2      | Noticed Robin
  1620 | D:2      | Killed Robin
  2221 | D:3      | Reached skill level 5 in Maces & Flails
  2537 | D:3      | Found a hazy altar of Hepliaklqana.
  2565 | D:3      | Reached XP level 5. HP: 25/41 MP: 4/8
  2686 | D:3      | Became a worshipper of Hepliaklqana the Forgotten
  2712 | D:3      | Found a faded altar of an unknown god.
  3270 | D:4      | Noticed an ogre
  3276 | D:4      | Slain by an ogre

Vault maps used:
D:1:      psy_arrival_dodecagon, minmay_stone_trees_small
D:2:      nicolae_overflow_crystal_walls, lemuel_crystal_altar, uniq_robin
D:3:      overflow_temple_1_default, chequers_ecumenical_altar_simple_redux
D:4:      old_standard_altar, gammafunk_temple_overflow_wave, temple_statues

Skill      XL: |  1  2  3  4 |
---------------+-------------+-----
Maces & Flails | 3 4 5 |  5.7
Fighting       | |  2.1
Dodging        | |  2.1
Spellcasting   | |  2.0
Charms         | |  2.6

Action                   |  1- 3 |  4- 6 || total
-------------------------+-------+-------++-------
Melee: Mace              |   119 |    90 ||   209
       Tailslap          |     9 |     8 ||    17
 Cast: Infusion          |     7 |     6 ||    13
       Shroud of Golubri |     3 |     4 ||     7
       Song of Slaying   |     1 |     2 ||     3
  Use: Scroll            |     5 |     5 ||    10
       Potion            |     1 |       ||     1
 Stab: Sleeping          |       |     2 ||     2
  Eat: Chunk             |     2 |     7 ||     9
Armor: Skin              |    45 |    25 ||    70
Dodge: Dodged            |   101 |    53 ||   154

Table legend:
 A = Non-vault XP
 B = Vault XP
 C = Vault XP percentage of total XP
 D = Non-vault monster count
 E = Vault monster count
 F = Vault count percentage of total count
                 A         B        C        D         E       F
            +---------+---------+-------+---------+---------+-------
      Total |     238 |      35 |  12.8 |      62 |      11 |  15.1
            +---------+---------+-------+---------+---------+-------
        D:1 |      49 |       0 |   0.0 |      26 |       0 |   0.0
        D:2 |      73 |      35 |  32.4 |      18 |      11 |  37.9
        D:3 |     116 |       0 |   0.0 |      18 |       0 |   0.0
            +---------+---------+-------+---------+---------+-------
